 Dungeon Crawl Stone Soup version 0.20.0-6-gd3061e9 (webtiles) character file.

2983 inmateoo the Martial Artist (level 9, -2/55 HPs)
             Began as a Tengu Transmuter on May 28, 2017.
             Was a Believer of Yredelemnul.
             Slain by an orc warrior
             ... wielding a +0 war axe
              (13 damage)
             ... on level 7 of the Dungeon.
             The game lasted 00:14:35 (8759 turns).

inmateoo the Martial Artist (Tengu Transmuter)      Turns: 8759, Time: 00:14:35

Health: -2/55      AC:  8    Str: 14    XL:     9   Next: 83%
Magic:  4/11       EV: 11    Int: 15    God:    Yredelemnul [**....]
Gold:   430        SH:  0    Dex: 17    Spells: 8/12 levels left

rFire    . . .     SeeInvis +     - Unarmed
rCold    . . .     Gourm    .   (no shield)
rNeg     + . .     Faith    .   m - +0 scale mail
rPois    .         Spirit   .   (helmet restricted)
rElec    .         Reflect  .   (no cloak)
rCorr    .         Harm     .   r - +0 pair of gloves
MR       +....                  (boots unavailable)
Stlth    ..........             z - amulet "Obutadd" {RegenMP rN+ MR+ Dex+2}
Regen    0.2/turn               B - ring of wizardry
MPRegen  0.2/turn               (no ring)

@: flying quickly and evasively, very slightly contaminated, drained, quick
A: antennae 1, beak, talons 3, see invisible, clever 1, low mp 1, able to fly 1
a: Animate Remains, Recall Undead Slaves, Injury Mirror, Renounce Religion


You were on level 7 of the Dungeon.
You worshipped Yredelemnul.
Yredelemnul was pleased with you.
You were not hungry.

You visited 1 branch of the dungeon, and saw 7 of its levels.
You also visited: Ossuary.

You collected 430 gold pieces.

Inventory:

Missiles
 a - 51 arrows
 b - 3 throwing nets (quivered)
Armour
 m - a +0 scale mail (worn)
 r - a +0 pair of gloves (worn)
Jewellery
 z - the amulet "Obutadd" (around neck) {RegenMP rN+ MR+ Dex+2}
   (You took it off a wight on level 4 of the Dungeon)

   [amulet of magic regeneration]

   It increases your magic regeneration.
   It affects your dexterity (+2).
   It protects you from negative energy.
   It affects your resistance to hostile enchantments.
 B - a ring of wizardry (left hand)
Wands
 i - a wand of confusion (18/48)
 w - a wand of digging (8/24)
 x - a wand of iceblast (8/15)
 A - a wand of lightning (2/15)
 C - a wand of random effects (18/48)
Scrolls
 k - 2 scrolls of amnesia
 o - 4 scrolls of remove curse
 u - a scroll of fog
 y - 2 scrolls of identify
Potions
 e - 4 potions of curing
 g - 3 potions of might
 j - 2 potions of brilliance
 l - 4 potions of ambrosia
 p - a potion of magic
 q - 3 potions of heal wounds
 s - a potion of flight
 t - 3 potions of resistance
 v - 2 potions of mutation
Books
 c - a book of Changes

   Spells                             Type                      Level
   a - Beastly Appendage              Transmutation                1
   b - Sticks to Snakes               Transmutation                2
   c - Spider Form                    Transmutation/Poison         3
   d - Ice Form                       Ice/Transmutation            4
   e - Blade Hands                    Transmutation                5
 n - a book of Cantrips

   Spells                             Type                      Level
   a - Confusing Touch                Hexes                        1
   b - Animate Skeleton               Necromancy                   1
   c - Summon Small Mammal            Summoning                    1
   d - Apportation                    Translocation                1
Comestibles
 d - 8 bread rations
 f - a royal jelly
 h - a fruit


   Skills:
 + Level 6.2(5.2) Fighting
 + Level 6.7(5.7) Armour
 - Level 2.1(1.2) Dodging
 + Level 11.2(10.0) Unarmed Combat
 - Level 2.0(1.0) Spellcasting
 - Level 1.5(0.6) Transmutations


You had 8 spell levels left.
You knew the following spells:

 Your Spells              Type           Power        Failure   Level  Hunger
a - Beastly Appendage     Tmut           #.....       26%         1    ##.....
b - Apportation           Tloc           #.....       32%         1    ##.....
c - Sticks to Snakes      Tmut           #.......     38%         2    ###....


Dungeon Overview and Level Annotations

Branches:
Dungeon (7/15)             Temple (0/1) D:5

Altars:
Cheibriados
Dithmenos
Elyvilon
Vehumet
Xom
Yredelemnul
The Shining One


Innate Abilities, Weirdness & Mutations

You have a beak for a mouth.
You have claws for feet.
You can fly.
You have a pair of small antennae on your head.
You have supernaturally acute eyesight. (SInv)
Your mind is acute. (Int +2)
Your magical capacity is low. (-10% MP)


Message History

You hit the orc warrior.
You peck the orc warrior, but do no damage.
The orc warrior is severely wounded.
The orc warrior closely misses you.
Unknown command.
You barely miss the orc warrior.
The orc warrior is severely wounded.
Unknown command.
You hit the orc warrior but do no damage.
Your kick misses the orc warrior.
The orc warrior is severely wounded.
The orc warrior hits you with a war axe!!
* * * LOW HITPOINT WARNING * * *
Unknown command.
You hit the orc warrior.
You claw the orc warrior, but do no damage.
The orc warrior is severely wounded.
The orc warrior hits you with a war axe!
You die...
Your body rises from the dead as a mindless zombie.

#######.....#
............#
............#
............#
............#
..........<.#
#########.....#
######.......'..o..#
.....'.......#..@..#
.....#.......#.....#
....##.......#.....#
....##########.....#######
#....#...)...'............
#..o.#.......#............
.....'.......#............
.....#.......#............
....##########............


You could see an orc warrior.

Vanquished Creatures
  Grinder (D:6)
  Sigmund (D:2)
  Eustachio (D:6)
  Edmund (D:6)
  Menkaure (D:5)
  Duvessa (D:5)
  3 ice beasts
  An orc warrior (D:6)
  A sky beast (D:5)
  2 black bears
  2 ogres
  Blork the orc (D:5)
  2 bullfrogs
  Dowan (D:5)
  4 wights
  A crimson imp (D:5)
  A bullfrog zombie (D:5)
  3 hounds
  7 orc priests
  6 orc wizards
  A jelly (D:6)
  Jessica (D:1)
  Ijyb (D:5)
  3 worker ants
  3 big kobold zombies (Ossuary)
  A hound skeleton (D:4)
  6 mummies (Ossuary)
  5 adders
  A shadow imp (D:5)
  3 oozes
  2 worms
  A dart slug (D:2)
  4 leopard geckos
  17 orcs
  6 bats
  4 giant cockroaches
  A gnoll zombie (D:5)
  7 hobgoblins
  2 jackals (D:1)
  6 quokkas
  2 ball pythons
  A frilled lizard (D:2)
  6 goblins
  3 hobgoblin zombies (Ossuary)
  2 jackal zombies (D:5)
  5 kobolds
  6 rats
141 creatures vanquished.

Notes
Turn   | Place    | Note
-------+----------+-------------------------------------------
     0 | D:1      | inmateoo the Tengu Transmuter began the quest for the Orb.
     0 | D:1      | Reached XP level 1. HP: 12/12 MP: 4/4
   345 | D:1      | Reached XP level 2. HP: 16/16 MP: 6/6
   362 | D:1      | Reached skill level 4 in Unarmed Combat
   723 | D:1      | Reached XP level 3. HP: 16/20 MP: 7/7
  1083 | D:2      | Noticed Jessica
  1090 | D:2      | Noticed Sigmund
  1116 | D:1      | Reached skill level 5 in Unarmed Combat
  1505 | D:1      | Killed Jessica
  1505 | D:1      | Reached XP level 4. HP: 14/25 MP: 6/8
  1859 | D:2      | HP: 1/37 [something (1)]
  1863 | D:2      | Killed Sigmund
  1863 | D:2      | Reached skill level 7 in Unarmed Combat
  1863 | D:2      | Gained mutation: You can fly. [Tengu growth]
  1863 | D:2      | Reached XP level 5. HP: 15/29 MP: 9/9
  1863 | D:2      | Reached XP level 6. HP: 17/34 MP: 10/10
  2154 | D:2      | Found a glowing golden altar of the Shining One.
  2932 | D:4      | Reached skill level 8 in Unarmed Combat
  3261 | D:4      | Found a basalt altar of Yredelemnul.
  3279 | D:4      | Became a worshipper of Yredelemnul the Dark
  3444 | D:4      | Reached XP level 7. HP: 38/38 MP: 7/11
  3673 | D:3      | Found a radiant altar of Vehumet.
  3804 | D:3      | Learned a level 1 spell: Apportation
  3996 | D:3      | Reached skill level 9 in Unarmed Combat
  4558 | D:5      | Entered Level 5 of the Dungeon
  4583 | D:5      | Reached skill level 1 in Armour
  4587 | D:5      | Gained mutation: You have a pair of small antennae on your head. [mutagenic meat]
  4588 | D:5      | Gained mutation: You have supernaturally acute eyesight. (SInv) [mutagenic meat]
  4589 | D:5      | Gained mutation: Your magical capacity is low. (-10% MP) [mutagenic meat]
  4591 | D:5      | Gained mutation: Your mind is acute. (Int +2) [mutagenic meat]
  4619 | D:5      | Found a staircase to the Ecumenical Temple.
  4704 | D:5      | Noticed Blork the orc
  4874 | D:5      | Noticed Menkaure
  5044 | D:5      | Killed Menkaure
  5044 | D:5      | Reached XP level 8. HP: 16/45 MP: 10/10
  5046 | D:5      | Reached * piety under Yredelemnul
  5121 | D:5      | Found a sand-covered staircase.
  5130 | Ossuary  | Entered an ossuary
  5523 | D:5      | Noticed Ijyb
  5543 | D:5      | Killed Ijyb
  5560 | D:5      | Killed Blork the orc
  5930 | D:5      | Noticed Dowan
  5932 | D:5      | Noticed Duvessa
  5957 | D:5      | Killed Duvessa
  5957 | D:5      | Reached skill level 10 in Unarmed Combat
  5966 | D:5      | Killed Dowan
  6281 | D:5      | Found a white marble altar of Elyvilon.
  6339 | D:5      | Found a snail-covered altar of Cheibriados.
  6512 | D:5      | Reached XP level 9. HP: 42/52 MP: 11/11
  6674 | D:5      | Reached skill level 5 in Armour
  6725 | D:6      | Noticed Edmund
  6741 | D:6      | Reached ** piety under Yredelemnul
  6751 | D:6      | Killed Edmund
  6751 | D:6      | Reached skill level 5 in Fighting
  6862 | D:6      | Noticed Grinder
  7053 | D:6      | Paralysed by Grinder for 6 turns
  7064 | D:5      | Learned a level 2 spell: Sticks to Snakes
  7077 | D:6      | Killed Grinder
  7170 | D:4      | Got a steaming bone amulet
  7289 | D:4      | Identified the amulet "Obutadd" {RegenMP rN+ MR+ Dex+2} (You took it off a wight on level 4 of the Dungeon)
  7616 | D:6      | Found a shimmering altar of Xom.
  7790 | D:6      | Reached skill level 11 in Unarmed Combat
  7954 | D:6      | Noticed Eustachio
  7970 | D:6      | Killed Eustachio
  8236 | D:6      | Found a shadowy altar of Dithmenos.
  8759 | D:7      | Slain by an orc warrior

Skill      XL: |  1  2  3  4  5  6  7  8  9 |
---------------+----------------------------+-----
Unarmed Combat | 4 5 7 8 9 10 11 | 11.2
Armour         | 2 4 6 |  6.7
Fighting       | 2 4 6 |  6.2
Dodging        | |  2.1
Spellcasting   | |  2.0
Transmutations | |  1.5

Action                   |  1- 3 |  4- 6 |  7- 9 || total
-------------------------+-------+-------+-------++-------
Melee: Unarmed           |    79 |    85 |   377 ||   541
       Kick              |    20 |    18 |   100 ||   138
       Peck              |    13 |     6 |    84 ||   103
       Headbutt          |     3 |     2 |       ||     5
       Punch             |     1 |     2 |    13 ||    16
Throw: Throwing net      |       |       |     4 ||     4
 Cast: Beastly Appendage |     5 |     3 |       ||     8
       Sticks to Snakes  |       |       |     5 ||     5
 Abil: Fly               |       |     1 |     6 ||     7
  Use: Scroll            |       |     8 |    13 ||    21
       Potion            |       |     4 |     2 ||     6
 Stab: Held in net/web   |       |       |     4 ||     4
  Eat: Chunk             |     1 |     7 |    19 ||    27
       Fruit             |       |       |     3 ||     3
       Royal jelly       |       |       |     1 ||     1
Armor: Robe              |    16 |    12 |       ||    28
       Skin              |       |     5 |       ||     5
       Scale mail        |       |     8 |   120 ||   128
Dodge: Dodged            |    52 |    49 |   113 ||   214
